 Dungeon Crawl Stone Soup version 0.28.0-53-g5a82cb258f (webtiles) character file.

Game seed: 17306093179663611741

27 cbfl8 the Skirmisher (level 2, -7/27 HPs)
             Began as a Minotaur Berserker on Aug 25, 2022.
             Was a Follower of Trog.
             Mangled by Terence
             ... wielding a +0 flail
              (12 damage)
             ... on level 2 of the Dungeon.
             The game lasted 00:06:32 (968 turns).

cbfl8 the Skirmisher (Minotaur Berserker)            Turns: 968, Time: 00:06:32

Health: -7/27      AC:  5    Str: 21    XL:     2   Next: 93%
Magic:  1/1        EV: 11    Int:  4    God:    Trog [*.....]
Gold:   41         SH:  0    Dex:  9    Spells: 1/1 levels left

rFire   . . .      SeeInvis .   a - +0 hand axe
rCold   . . .      Faith    .   (no shield)
rNeg    . . .      Spirit   .   b - +0 ring mail
rPois   .          Reflect  .   (helmet restricted)
rElec   .          Harm     .   (no cloak)
rCorr   .          Rampage  .   (no gloves)
Will    .....                   (no boots)
Stlth   ..........              (no amulet)
HPRegen 0.09/turn               (no ring)
MPRegen 0.07/turn               (no ring)

@: no status effects
A: horns 2, retaliatory headbutt
a: Renounce Religion, Berserk


You were on level 2 of the Dungeon.
You worshipped Trog.
Trog was aware of your devotion.
You visited 1 branch of the dungeon, and saw 2 of its levels.

You collected 41 gold pieces.

Inventory:

Hand Weapons
 a - a +0 hand axe (weapon)
Armour
 b - a +0 ring mail (worn)
Scrolls
 d - 3 scrolls of holy word {unknown}
 e - a scroll of identify {unknown}
 f - a scroll of magic mapping {unknown}
 g - a scroll of enchant armour {unknown}
Potions
 c - a potion of mutation {unknown}
 h - a potion of haste {unknown}


   Skills:
 * Level 4.1 Fighting
 * Level 4.1 Axes
 + Level 2.6 Armour
 * Level 2.4 Dodging
 * Level 0.5 Evocations


You had one spell level left.
You didn't know any spells.
Your spell library was empty.

Dungeon Overview and Level Annotations

Branches:
Dungeon (2/15)

Altars:

Annotations:
D:2 Terence


Innate Abilities, Weirdness & Mutations

You have a pair of horns on your head.
You reflexively headbutt those who attack you in melee.


Message History

The ball python grabs you. The ball python constricts you.
You barely miss the ball python.
The ball python bites you but does no damage.
The ball python constricts you.
You hit the ball python.
You kill the ball python!
Trog accepts your kill. The rat closely misses you.
You slash the rat!
You kill the rat!
Trog accepts your kill.
No target in view!
No target in view!
HP restored.
An endoplasm comes into view.
The endoplasm quivers.
You hit the endoplasm. You headbutt the endoplasm.
You kill the endoplasm!
Trog accepts your kill.
Found a leather armour.
No target in view!
Terence the Incautious comes into view.
He is wielding a +0 flail.
Terence says, "You're history."
Terence drinks a potion.
Terence goes berserk!
Terence barely misses you.
Terence is nearby!
You hit Terence. You headbutt Terence!
Terence is moderately wounded.
Terence barely misses you. Terence hits you with a +0 flail!
Terence is nearby!
You barely miss Terence.
Terence is moderately wounded.
Terence closely misses you.
Terence is nearby!
You hit Terence but do no damage. You headbutt Terence.
Terence is heavily wounded.
Terence hits you with a +0 flail!
* * * LOW HITPOINT WARNING * * *
Terence hits you with a +0 flail!
You die...

.... #.# . .....
#.# . ..... #.#.#
......####.#.#
......#......#
#......# ###.#..# .
##...#..###.# .
#..####.@@..# .####
###.## #..#### .#..
#...# #...#
.#.####.### #....#
.#.##...# #......
......#####...###[#
.....#........ ..
.............. .#
.#.#†.........


You could see Terence (berserk).

Vanquished Creatures
  A dart slug (D:1)
  2 endoplasms
  3 giant cockroaches (D:1)
  3 goblins (D:1)
  2 hobgoblins
  3 kobolds (D:1)
  2 ball pythons
  3 frilled lizards (D:1)
  4 rats
23 creatures vanquished.

Vanquished Creatures (others)
  A plant (D:2)
1 creature vanquished.

Grand Total: 24 creatures vanquished

Notes
Turn   | Place    | Note
-------+----------+-------------------------------------------
     0 | D:1      | cbfl8 the Minotaur Berserker began the quest for the Orb.
     0 | D:1      | Reached XP level 1. HP: 19/19 MP: 0/0
   148 | D:1      | Reached XP level 2. HP: 27/27 MP: 1/1
   932 | D:2      | Found a faded altar of an unknown god.
   964 | D:2      | Noticed Terence
   968 | D:2      | Mangled by Terence

Illustrated notes

Levels and vault maps discovered:
D:1:      dpeg_arrival_rooms_c, layout_loops_ring
D:2:      layout_rooms, shapermc_ecumenical_altar_rom_forum, uniq_terence

Skill      XL: |  1  2 |
---------------+-------+-----
Axes           | 4 |  4.1
Fighting       | 4 |  4.1
Armour         | |  2.6
Dodging        | |  2.4
Evocations     | |  0.5

Action                   || total
-------------------------++-------
Melee: Hand axe          ||    48
       Headbutt          ||     8
Armor: Ring mail         ||    19
       Leather armour    ||     1
Dodge: Dodged            ||    22
